 Dungeon Crawl Stone Soup version 0.30.0-10-gfe55d96785 (webtiles) character file.

Game seed: 3762124312406191288

4593 AlfMithra the Skirmisher (level 10, -1/90 HPs)
             Began as a Minotaur Hunter on May 14, 2023.
             Was a Priest of Okawaru.
             Slain by a yak (5 damage)
             ... on level 8 of the Dungeon.
             The game lasted 00:19:16 (7323 turns).

AlfMithra the Skirmisher (Minotaur Hunter)          Turns: 7323, Time: 00:19:17

Health: -1/90      AC:  9    Str: 22    XL:     10   Next: 18%
Magic:  14/14      EV: 16    Int:  3    God:    Okawaru [***...]
Gold:   411        SH:  0    Dex: 22    Spells: 9/9 levels left

rFire   + . .        a - +0 shortbow
rCold   . . .        (shield currently unavailable)
rNeg    . . .        q - +3 leather armour {Will+}
rPois   .            (helmet restricted)
rElec   .            e - +0 cloak
rCorr   .            g - +0 pair of gloves
SInv    .            (no boots)
Will    ++...        (no amulet)
Stlth   ++           j - +6 ring of strength
HPRegen 0.35/turn    b - ring "Rutz" {rF+ Will+ Int-3 Dex+4}
MPRegen 0.14/turn

%: no passive effects
@: no status effects
A: horns 2, retaliatory headbutt
a: Renounce Religion, Heroism


You were on level 8 of the Dungeon.
You worshipped Okawaru.
Okawaru was most pleased with you.
You visited 2 branches of the dungeon, and saw 10 of its levels.

You collected 611 gold pieces.
You spent 200 gold pieces at shops.

Inventory:

Hand Weapons
 a - a +0 shortbow (weapon)
Armour
 e - a +0 cloak (worn)
 g - a +0 pair of gloves (worn)
 q - a +3 leather armour of willpower (worn)
Jewellery
 b - the ring "Rutz" (right hand) {rF+ Will+ Int-3 Dex+4}
   (You found it on level 3 of the Dungeon)

   [ring of protection from fire]

   Int:       It affects your intelligence (-3).
   Dex:       It affects your dexterity (+4).
   rF:        It protects you from fire.
   Will:      It increases your willpower.
 j - a +6 ring of strength (left hand)
 F - a ring of poison resistance
Wands
 i - a wand of digging (5)
 o - a wand of iceblast (13)
 p - a wand of paralysis (17)
 u - a wand of quicksilver (5)
 y - a wand of flame (6)
Scrolls
 d - 3 scrolls of fear
 f - a scroll of poison {unknown}
 m - a scroll of enchant weapon {unknown}
 w - 2 scrolls of fog {unknown}
 x - 2 scrolls of identify
 A - a scroll of blinking {unknown}
 B - a scroll of silence {unknown}
 C - a scroll of magic mapping {unknown}
 D - a scroll of teleportation {unknown}
 E - a scroll of torment {unknown}
Potions
 c - 3 potions of curing
 h - a potion of attraction {unknown}
 k - 2 potions of mutation
 l - a potion of haste {unknown}
 n - 3 potions of might
 r - 3 potions of heal wounds
 s - a potion of brilliance {unknown}
 t - 2 potions of cancellation {unknown}
 v - a potion of flight {unknown}
 z - a potion of magic {unknown}


   Skills:
 + Level 8.8 Fighting
 + Level 8.9 Ranged Weapons
 + Level 8.3 Armour
 - Level 6.0 Dodging
 - Level 0.7 Stealth
 + Level 6.9 Invocations


You had 9 spell levels left.
You didn't know any spells.
Your spell library contained the following spells:

 Spells                   Type           Power      Damage    Failure   Level
 Blink                    Tloc           0%         N/A       71%         2
 Cigotuvi's Dreadful Rot  Necr/Pois/Air  0%         N/A       71%         2
 Lesser Beckoning         Tloc           0%         N/A       71%         2
 Momentum Strike          Conj/Tloc      0%         3d8       71%         2
 Dispel Undead            Necr           0%         3d6       100%        4
 Passage of Golubria      Tloc           0%         N/A       100%        4
 Fireball                 Conj/Fire      0%         3d3       100%        5
 Iskenderun's Battlesphe  Conj           0%         2d6       100%        5
 Yara's Violent Unravell  Hex/Tmut       0%         3d3       100%        5
 Conjure Ball Lightning   Conj/Air       0%         3x3d6     100%        6
 Orb of Destruction       Conj           0%         9d5       100%        7
 Tukima's Dance           Hex            Unusable   N/A       N/A         3
 Death Channel            Necr           Unusable   N/A       N/A         6

Dungeon Overview and Level Annotations

Branches:
Dungeon (9/15)             Temple (1/1) D:6
   Lair: D:8-11         Orc: D:9-12

Altars:
Ashenzari
Cheibriados
Dithmenos
Elyvilon
Fedhas
Gozag
Hepliaklqana
Kikubaaqudgha
Makhleb
Nemelex Xobeh
Okawaru
Qazlal
Ru
Sif Muna
Trog
Uskayaw
Wu Jian
Xom
Yredelemnul
Zin
The Shining One

Shops:
D:5 =

Portals:
Abyss: D:6

Annotations:
D:1 1 runed translucent door
D:5 3 runed translucent doors, Eitelfritz's ghost, novice HOFi; P0WERM0DE's ghost, amateur MeEE
D:6 2 transporters, ohados's ghost, novice FeTm


Innate Abilities, Weirdness & Mutations

You have a pair of horns on your head.
You reflexively headbutt those who attack you in melee.


Message History

You are too injured to fight recklessly!
You are too injured to fight recklessly!
You are too injured to fight recklessly!
You are too injured to fight recklessly!
You are too injured to fight recklessly!
Fire: a) +0 shortbow
Press: ? - help, Q - select action, (/) - cycle Shift-Dir - straight line, f/p - yak
Aim: a yak (moderately wounded, 79% to hit)
You shoot an arrow.
The arrow hits the yak but does no damage.
The yak is moderately wounded.
The yak closely misses you. The yak misses you.
You shoot an arrow.
The arrow hits the yak but does no damage.
The yak is moderately wounded.
The yak completely misses you. The yak barely misses you. The yak gores you!
The yak closely misses you.
You climb upwards.
There is a stone staircase leading down, spattered with blood here.
Fire: a) +0 shortbow
Press: ? - help, Q - select action, (/) - cycle Shift-Dir - straight line, f - yak
Aim: a yak (79% to hit)
You shoot an arrow. The arrow hits the yak.
The yak is lightly wounded.
The yak gores you.
* * * LOW HITPOINT WARNING * * *
The yak barely misses you. The yak gores you but does no damage.
The yak misses you. You furiously retaliate!
You headbutt the yak! You shoot an arrow. The arrow barely misses the yak.
The yak gores you!
* * * LOW HITPOINT WARNING * * *
The yak gores you!
* * * LOW HITPOINT WARNING * * *
You shoot an arrow. The arrow hits the yak!
The yak is heavily wounded.
The yak closely misses you. You furiously retaliate!
You headbutt the yak. The yak closely misses you.
You shoot an arrow. The arrow hits the yak!
The yak is severely wounded.
The yak barely misses you. The yak gores you.
You die...

.........# #.# #.#
#.#.#.#..# #.# #.#
.........#######.#####.#
.#.....................#
...#############.#######
#### #<# # #.# #Y# #@#
##### #Y#
########...#####.#
.........#.......#
..######...####### ..#
##### .## ## #


You could see 2 yaks.

Vanquished Creatures
  A two-headed ogre (D:8)
  Grinder (D:3)
  Sigmund (D:2)
  Eustachio (D:5)
  3 yaks
  2 steam dragons
  An acid dragon (D:8)
  A water moccasin (D:6)
  3 ice beasts
  2 sky beasts
  An orc warrior (D:8)
  An ogre (D:4)
  2 centaurs
  2 phantoms
  A kobold brigand (D:8)
  5 bullfrogs
  5 wights (D:8)
  A killer bee (D:8)
  An electric eel (D:8)
  2 jellies
  5 hounds
  A gnoll bouda (D:6)
  2 orc priests (D:8)
  3 sleepcaps
  Jessica (D:2)
  4 orc wizards (D:8)
  2 iguanas
  3 gnolls (D:6)
  19 adders
  10 river rats (D:6)
  A shadow imp (D:8)
  2 worms
  2 dart slugs (D:1)
  16 orcs
  6 bats
  2 endoplasms
  2 giant cockroaches (D:1)
  6 hobgoblins
  3 jackals (D:1)
  10 quokkas
  4 ball pythons
  3 frilled lizards (D:1)
  5 goblins
  8 kobolds
  22 rats
179 creatures vanquished.

Notes
Turn   | Place    | Note
-------+----------+-------------------------------------------
     0 | D:1      | AlfMithra the Minotaur Hunter began the quest for the Orb.
     0 | D:1      | Reached XP level 1. HP: 18/18 MP: 0/0
     1 | D:1      | Found a runed translucent door.
   152 | D:1      | Reached XP level 2. HP: 25/25 MP: 1/1
   234 | D:1      | Reached skill level 1 in Armour
   478 | D:1      | Reached XP level 3. HP: 30/30 MP: 2/2
   544 | D:1      | Reached skill level 1 in Invocations
   743 | D:2      | Noticed Jessica
   753 | D:2      | Killed Jessica
   843 | D:2      | Noticed Sigmund
   879 | D:3      | Reached XP level 4. HP: 7/38 MP: 4/4
   882 | D:3      | HP: 1/38 [hobgoblin (1)]
  1021 | D:3      | Reached skill level 5 in Ranged Weapons
  1236 | D:3      | Identified the ring "Rutz" {rF+ Will+ Int-3 Dex+4}
  1612 | D:2      | Reached XP level 5. HP: 45/45 MP: 5/5
  1666 | D:2      | Killed Sigmund
  1667 | D:2      | Reached XP level 6. HP: 19/52 MP: 6/6
  2006 | D:3      | Noticed Grinder
  2016 | D:3      | Killed Grinder
  2298 | D:4      | Identified the +2 war axe of the Conjuring Gods {flame,
                  | Fragile rC+++ Int+4 SInv}
  2333 | D:4      | Reached XP level 7. HP: 55/60 MP: 8/8
  2379 | D:4      | You fall into a shaft and drop 1 floor!
  2379 | D:5      | Entered Level 5 of the Dungeon
  2465 | D:5      | Reached skill level 5 in Fighting
  2477 | D:5      | Found a runed translucent gate.
  2478 | D:5      | Found a runed translucent gate.
  2479 | D:5      | Found a runed translucent gate.
  2480 | D:5      | Noticed P0WERM0DE's ghost (amateur MeEE)
  2481 | D:5      | Noticed Eitelfritz's ghost (novice HOFi)
  2655 | D:5      | Noticed Eustachio
  2682 | D:5      | Killed Eustachio
  2797 | D:5      | Identified the +1 long sword of the Impish God {protect,
                  | rElec rN+}
  2903 | D:5      | Found Waiwn's Jewellery Boutique.
  2986 | D:5      | Reached XP level 8. HP: 41/69 MP: 9/9
  3081 | D:5      | Reached skill level 5 in Dodging
  3311 | D:6      | Found a staircase to the Ecumenical Temple.
  3333 | D:6      | Reached skill level 5 in Armour
  3343 | Temple   | Entered the Ecumenical Temple
  3796 | Temple   | Became a worshipper of Warmaster Okawaru
  4123 | D:6      | Found a transporter.
  4326 | D:6      | Noticed a thrashing horror
  4327 | D:6      | Noticed ohados's ghost (novice FeTm)
  4341 | D:6      | Found a transporter.
  4393 | D:6      | Found a one-way gate to the infinite horrors of the Abyss.
  4629 | D:6      | Reached * piety under Okawaru
  5322 | D:7      | Reached skill level 5 in Invocations
  5353 | D:7      | Reached XP level 9. HP: 77/78 MP: 11/11
  5713 | D:8      | Reached ** piety under Okawaru
  6343 | D:8      | Reached *** piety under Okawaru
  6720 | D:8      | Found a shimmering blue altar of Sif Muna.
  6825 | D:5      | Bought a ring of poison resistance for 200 gold pieces
  6873 | D:9      | Noticed a two-headed ogre
  6886 | D:8      | Killed a two-headed ogre
  6887 | D:8      | Reached XP level 10. HP: 20/90 MP: 10/14
  7321 | D:8      | HP: 3/90 [yak (12)]
  7323 | D:8      | Slain by a yak

Illustrated notes

Levels and vault maps discovered:
D:1:      dpeg_arrival_caged_fury, layout_basic
D:2:      layout_loops_cross, uniq_sigmund, uniq_jessica
D:3:      layout_rooms, uniq_grinder
D:4:      layout_loops_ring, lemuel_doored_altar
D:5:      layout_basic, serial_shops, shop_coins, gammafunk_ghost_cemetery,
          grunt_decor_one_mirror, uniq_eustachio
D:6:      lemuel_ratsnest, layout_layer_cave, minmay_temple_entry_antechambers,
          gammafunk_ghost_abyssal_escape, dreamdust_wishing_well,
          nicolae_half_adder
D:7:      layout_basic
D:8:      layout_loops_ring, tgw_sif, serial_bayou_pond_b,
          hangedman_decor_riveting
D:9:      layout_cave_pods, orc_0_dummy, serial_shops, shop
Temple:   mainiacjoe_temple_big_plus

Skill      XL: |  1  2  3  4  5  6  7  8  9 |
---------------+----------------------------+-----
Armour         | 1 2 3 4 6 8 |  8.3
Invocations    | 1 2 3 5 6 |  6.9
Fighting       | 3 4 5 6 8 |  8.8
Dodging        | 3 4 6 |  6.0
Ranged Weapons | 5 6 7 8 |  8.9
Stealth        | |  0.7

Action                     |  1- 3 |  4- 6 |  7- 9 | 10-12 || total
---------------------------+-------+-------+-------+-------++-------
   Fire: Shortbow          |   102 |   111 |   454 |    16 ||   683
 Invoke: Heroism           |       |       |     1 |       ||     1
    Use: Scroll            |       |     3 |     4 |       ||     7
         Potion            |       |     1 |       |       ||     1
 Armour: Leather armour    |    16 |     3 |    73 |     2 ||    94
         Skin              |       |    30 |       |       ||    30
  Dodge: Dodged            |    31 |    22 |   190 |    17 ||   260
